 Dungeon Crawl Stone Soup version 0.26.1-12-g5ba1501909 (webtiles) character file.

Game seed: 76492900961904700

71 Zeld the Conjurer (level 4, -6/35 HPs)
             Began as a Draconian Conjurer on Oct 28, 2021.
             Killed from afar by an orc wizard (10 damage)
             ... with a puff of flame
             ... on level 3 of the Dungeon.
             The game lasted 00:03:08 (3212 turns).

Zeld the Conjurer (Draconian Conjurer)              Turns: 3212, Time: 00:03:09

Health: -6/35      AC:  5    Str:  9    XL:     4   Next: 5%
Magic:  1/7        EV: 12    Int: 19    God:
Gold:   132        SH:  0    Dex: 10    Spells: 4/7 levels left

rFire    . . .     SeeInvis .   (no weapon)
rCold    . . .     Faith    .   (no shield)
rNeg     . . .     Spirit   .   (armour unavailable)
rPois    .         Reflect  .   (helmet restricted)
rElec    .         Harm     .   (no cloak)
rCorr    .         Rampage  .   (no gloves)
Will     .....                  (no boots)
Stlth    ++........             (no amulet)
HPRegen  0.11/turn              (no ring)
MPRegen  0.10/turn              (no ring)

@: no status effects
A: unfitting armour, cold-blooded, AC +5
a: no special abilities


You were on level 3 of the Dungeon.
You visited 1 branch of the dungeon, and saw 3 of its levels.

You collected 132 gold pieces.

Inventory:

Jewellery
 f - an uncursed ring of flight {unknown}
 j - an uncursed ring of positive energy {unknown}
Scrolls
 a - a scroll of immolation {unknown}
 c - 4 scrolls of identify {unknown}
 d - a scroll of fog {unknown}
 e - a scroll of fear {unknown}
 i - a scroll of remove curse {unknown}
 k - a scroll of enchant armour {unknown}
 m - a scroll of magic mapping {unknown}
Potions
 b - a potion of berserk rage {unknown}
 g - 2 potions of might {unknown}
 h - a potion of curing {unknown}
 l - a potion of lignification {unknown}
 n - a potion of heal wounds {unknown}


   Skills:
 + Level 1.3 Fighting
 + Level 2.3 Dodging
 + Level 2.4 Stealth
 + Level 2.3 Spellcasting
 * Level 4.6 Conjurations


You had 4 spell levels left.
You knew the following spells:

 Your Spells              Type           Power        Failure   Level
a - Magic Dart            Conj           76%          2%          1
b - Searing Ray           Conj           38%          3%          2

Your spell library contained the following spells:

 Spells                   Type           Power        Failure   Level
 Dazzling Flash           Conj/Hex       20%          19%         3
 Fulminant Prism          Conj/Hex       5%           54%         4
 Iskenderun's Mystic Bla  Conj/Tloc      10%          54%         4


Dungeon Overview and Level Annotations

Branches:
Dungeon (3/15)

Altars:


Innate Abilities, Weirdness & Mutations

Your plain brown scales are hard. (AC +5)
You cannot fit into any form of body armour.
You are cold-blooded and may be slowed by cold attacks.


Message History

You can't see any susceptible monsters within range! (Use Z to cast anyway.)
Casting: Searing Ray (safe; 3% risk of failure)
Confirm with . or Enter, or press ? or * to list all spells.
You don't have enough magic to cast that spell.
Casting: Searing Ray (safe; 3% risk of failure)
Confirm with . or Enter, or press ? or * to list all spells.
Okay, then.
Casting: Searing Ray (safe; 3% risk of failure)
Confirm with . or Enter, or press ? or * to list all spells.
You can't see any susceptible monsters within range! (Use Z to cast anyway.)
Casting: Searing Ray (safe; 3% risk of failure)
Confirm with . or Enter, or press ? or * to list all spells.
You can't see any susceptible monsters within range! (Use Z to cast anyway.)
Casting: Searing Ray (safe; 3% risk of failure)
Confirm with . or Enter, or press ? or * to list all spells.
You don't have enough magic to cast that spell.
You hear some strange, mumbled words.
A puff of flame appears from out of thin air!
The puff of flame hits you!
You die...

#### ..#### #.... #..#
#############..#
#.#..†...........# ##
###.#.############.#### ..
..#.#...{..).[)........
.###
#####.#.#.@###########.####
.#.####...#.#.#.........
.....
.#........#.#.#.########
###.###
.#....#<###.#.#......>..
..#
......+.....#...########
### .#....#.#....####
.#.##........+
.#.##.#.#....#
...##.#.#....#


There were no monsters in sight!

Vanquished Creatures
  An adder (D:2)
  An ooze (D:1)
  A worm (D:2)
  2 dart slugs
  A leopard gecko (D:1)
  3 orcs (D:3)
  2 ball pythons (D:1)
  2 giant cockroaches (D:1)
  6 goblins
  7 hobgoblins
  2 bats (D:1)
  A frilled lizard (D:1)
  9 kobolds
  5 rats
43 creatures vanquished.

Notes
Turn   | Place    | Note
-------+----------+-------------------------------------------
     0 | D:1      | Zeld the Draconian Conjurer began the quest for the Orb.
     0 | D:1      | Reached XP level 1. HP: 14/14 MP: 3/3
   594 | D:1      | Reached XP level 2. HP: 22/22 MP: 3/5
  1553 | D:1      | Reached skill level 1 in Fighting
  1967 | D:1      | Reached XP level 3. HP: 28/28 MP: 3/6
  1970 | D:1      | Learned a level 2 spell: Searing Ray
  3204 | D:3      | Reached XP level 4. HP: 23/35 MP: 0/7
  3212 | D:3      | Killed from afar by an orc wizard

Illustrated notes

Levels and vault maps discovered:
D:1:      amcnicky_arrival_abandoned_market, layout_loops_corners
D:2:      layout_rooms, minivault_23
D:3:      layout_basic, gammafunk_temple_overflow_pools

Skill      XL: |  1  2 |
---------------+-------+-----
Dodging        | 2 |  2.3
Stealth        | 2 |  2.4
Fighting       | 1 |  1.3
Spellcasting   | |  2.3
Conjurations   | |  4.6

Action                   |  1- 3 |  4- 6 || total
-------------------------+-------+-------++-------
Melee: Unarmed           |   114 |     4 ||   118
       Tailslap          |     8 |     2 ||    10
 Cast: Magic Dart        |    92 |       ||    92
       Searing Ray       |     1 |       ||     1
Armor: Skin              |    37 |     1 ||    38
Dodge: Dodged            |    94 |     2 ||    96
